Cogmind - Beta 13 @@@ ROGUE MODE // 2024.04.03 @ 17:56:11 Player: lazy_engineer Result: Destroyed by G-34 Mercenary with Small Laser Performance ------------- Evolutions (0) 0 Regions Visited (2) 400 Robots Destroyed (12) 60 Value Destroyed (319) 319 Prototype IDs (0) 0 Alien Tech Used (0) 0 Bonus (0) 0 TOTAL SCORE: 779 Bonus ------- None Cogmind --------- Core Integrity 0/250 Matter 133/300 Energy 169/250 System Corruption 0% Temperature Hot (203) Movement Core (550) Ox10 Location -10/Mines Parts ------- > --- POWER (1) -------- Ion Engine > --- PROPULSION (2) --- (None) > --- UTILITY (2) ------ Small Storage Unit Large Storage Unit > --- WEAPON (2) ------- Mining Laser > --- INVENTORY (15) --- Wheel Wheel Medium Storage Unit Sensor Array ECM Suite ECM Suite Hacking Suite Grenade Launcher Peak State ------------ > --- POWER ------------ Ion Engine > --- PROPULSION ------- Wheel Wheel > --- UTILITY ---------- Small Storage Unit ECM Suite > --- WEAPON ----------- Small Laser Grenade Launcher > --- INVENTORY -------- Light Treads Light Treads Medium Storage Unit Large Storage Unit Sensor Array ECM Suite Hacking Suite Mining Laser [Rating: 8] Favorites ----------- Power Ion Engine Engine Ion Engine Propulsion Wheel Treads Light Treads Wheel Wheel Utility Small Storage Unit Device ECM Suite Storage Small Storage Unit Weapon Assault Rifle Energy Gun Small Laser Ballistic Gun Assault Rifle Launcher Grenade Launcher Special Weapon Mining Laser Build | -11 -10 -10 ------- Run | Yrd Mat Min Slots Evolved . | . . . Power . | . . . Propulsion . | . . . Utility . | . . . Weapon . | . . . Parts Attached 23 | 6 13 4 Power 2 | 1 1 . Engine 2 | 1 1 . Core . | . . . Reactor . | . . . Propulsion 11 | 2 7 2 Treads 6 | 1 3 2 Leg . | . . . Wheel 5 | 1 4 . Hover . | . . . Flight . | . . . Utility 3 | 1 1 1 Device 1 | . 1 . Storage 2 | 1 . 1 Processor . | . . . Hackware . | . . . Protection . | . . . Artifact . | . . . Weapon 7 | 2 4 1 Energy Gun 1 | . 1 . Energy Cannon . | . . . Ballistic Gun 3 | 2 1 . Ballistic Cannon . | . . . Launcher 1 | . 1 . Special Weapon 2 | . 1 1 Impact Weapon . | . . . Slashing Weapon . | . . . Piercing Weapon . | . . . Special Melee Weapon . | . . . Unidentified Prototypes . | . . . Parts Lost 5 | . 2 3 Power . | . . . Propulsion 2 | . . 2 Utility . | . . . Weapon 3 | . 2 1 Highest Loss Streak 3 | . 2 3 To Critical Strikes . | . . . Average Slot Usage (%) 96 | . 96 96 Engine 12 | . 12 14 Treads 12 | . 12 14 Wheel 15 | . 15 10 Device 12 | . 12 7 Storage 14 | . 14 21 Energy Gun 1 | . 1 . Ballistic Gun 23 | . 24 . Launcher 1 | . 1 7 Special Weapon 1 | . . 21 Naked Turns . | . . . Heaviest Build 34 | 8 16 34 Greatest Support 40 | 10 40 40 Greatest Overweight (x) 1 | . 1 1 Average Overweight (x) . | . . . Largest Inventory Capacity 15 | 8 8 15 Average Capacity 8 | 6 8 12 Most Carried 8 | 5 8 8 Average Carried 5 | 3 5 8 Final Capacity 15 | 8 8 15 Final Carried 8 | 4 8 8 Class Distribution -------------------- 100% | Mutant Dominant Class ---------------- Mutant | -10/Materials Mutant | -10/Mines Resources | -11 -10 -10 ----------- Run | Yrd Mat Min Matter Collected 418 | 254 164 . Remotely . | . . . Salvage Created 238 | . 226 12 Parts 18 | . 18 . Haulers Intercepted . | . . . Recyclers Shooed . | . . . Parts Field Recycled . | . . . Retrieved Matter . | . . . Parts Self-Destructed . | . . . Prevented . | . . . Kills | -11 -10 -10 ------- Run | Yrd Mat Min Combat Hostiles Destroyed 7 | . 6 1 Guns 3 | . 3 . Cannons 1 | . . 1 AOE 3 | . 3 . Classes Destroyed 5 | . 5 . Builder 2 | . 2 . Mechanic 1 | . 1 . Operator 1 | . 1 . Watcher 1 | . 1 . Grunt 7 | . 6 1 Best Kill Streak 6 | . 6 1 Combat Bots Only 3 | . 3 1 Max Kills in Single Turn 3 | . 3 1 Gunslinging . | . . . Exploded 1 | . 1 . Melee . | . . . Uniques/NPCs Destroyed . | . . . Combat | -11 -10 -10 -------- Run | Yrd Mat Min Hostile Shots Fired 91 | . 74 17 Missed 23 | . 20 3 Damage Taken 921 | . 740 181 Core 259 | . 207 52 Absorbed by Shields . | . . . Core Remaining (%) 100 | 100 . . Volleys Fired 34 | . 31 3 Largest 2 | . 2 2 Hottest 200 | . 100 200 Shots Fired 57 | . 51 6 Gun 43 | . 43 . Cannon . | . . . Launcher 6 | . 6 . Special 8 | . 2 6 Kinetic 40 | . 40 . Thermal 11 | . 5 6 Explosive 6 | . 6 . Electromagnetic . | . . . Robot Hit Streak 10 | . 10 4 Robot Miss Streak 3 | . 3 1 Penetration Max . | . . . Secondary Targets 1 | . 1 . Max Gunslinging Chain 1 | . 1 . Shots Hit Robots 37 | . 33 4 Core Hits 22 | . 21 1 Critical Kills . | . . . Critical Parts Destroyed . | . . . Critical Strikes . | . . . Melee Attacks . | . . . Impact . | . . . Slashing . | . . . Piercing . | . . . Sneak Attacks . | . . . Combat Hostiles . | . . . Follow-up Attacks . | . . . Damage Inflicted 867 | . 771 96 Guns 358 | . 358 . Cannons . | . . . Explosions 389 | . 389 . Melee . | . . . Ramming . | . . . Kinetic 335 | . 335 . Thermal 143 | . 47 96 Explosive 389 | . 389 . Electromagnetic . | . . . Impact . | . . . Slashing . | . . . Piercing . | . . . Highest Corruption . | . . . Average Corruption . | . . . Corruption Purged . | . . . Corruption Blocked . | . . . Overload Shots . | . . . Overflow Damage . | . . . Projectiles . | . . . Explosions . | . . . Melee . | . . . Knockbacks . | . . . Impact . | . . . Kinetic . | . . . Secondary . | . . . Self-Inflicted Damage 109 | . 109 . Shots 5 | . 5 . Rammed . | . . . Targets Rammed . | . . . Kicked . | . . . Crushed . | . . . Highest Temperature 197 | . 40 197 Average Temperature 49 | . 8 127 Received Heat Transfer 456 | . 360 96 Siege Activations . | . . . Robots Corrupted . | . . . Combat Hostiles . | . . . Parts Fried . | . . . Impact Corruptions . | . . . Robots Melted . | . . . Combat Hostiles . | . . . Parts Melted . | . . . Heat Transferred 300 | . 100 200 Parts Sabotaged . | . . . Parts Stolen . | . . . Parts Stripped . | . . . Power Chain Reactions . | . . . Alert | -11 -10 -10 ------- Run | Yrd Mat Min Peak Influence 161 | . 161 95 Initial 60 | . . 60 Average 51 | . 51 79 Maximum Alert Level . | . . . Low Security (%) 100 | 100 100 100 Level 1 . | . . . Level 2 . | . . . Level 3 . | . . . Level 4 . | . . . Level 5 . | . . . High Security . | . . . Max Security . | . . . Squads Dispatched 2 | . 2 . Investigation 2 | . 2 . Extermination . | . . . Reinforcement . | . . . Assault . | . . . Garrison . | . . . Intercept . | . . . Searches Triggered . | . . . Construction Impeded . | . . . Haulers Reinforced . | . . . Active Scanning Responses . | . . . Cargo Convoy Interrupts . | . . . Stealth | -11 -10 -10 --------- Run | Yrd Mat Min Distress Signals . | . . . Communications Jammed . | . . . Distress Signals . | . . . Times Spotted 20 | . 18 2 Peak Tracking Total 5 | . 5 2 Tactical Retreats 1 | . 1 . Traps | -11 -10 -10 ------- Run | Yrd Mat Min Traps Triggered 1 | . 1 . Indirectly . | . . . Trap Hack Attempts . | . . . Triggered . | . . . Disarmed . | . . . Reprogrammed . | . . . Reused . | . . . Traps Extracted . | . . . Installed . | . . . Triggered . | . . . Machines | -11 -10 -10 ---------- Run | Yrd Mat Min Machines Disabled . | . . . Max in Single Turn . | . . . Machines Repaired . | . . . Machines Dismantled . | . . . Machines Sabotaged . | . . . Overloaded Fab Kills . | . . . Hacking | -11 -10 -10 --------- Run | Yrd Mat Min Machines Accessed 8 | . 8 . Terminals 7 | . 7 . Fabricators . | . . . Repair Stations . | . . . Recycling Units 1 | . 1 . Scanalyzers . | . . . Garrison Access . | . . . Total Hacks 20 | . 20 . Successful 14 | . 14 . Failed 6 | . 6 . Catastrophic 4 | . 4 . Database Lockouts . | . . . Manual 19 | . 19 . Terminals 19 | . 19 . Fabricators . | . . . Repair Stations . | . . . Recycling Units 1 | . 1 . Scanalyzers . | . . . Garrison Access . | . . . Terminal Hacks 6 | . 6 . Branch Access Points 1 | . 1 . Terminal Index 1 | . 1 . Investigation Status 1 | . 1 . Hauler Manifests 1 | . 1 . Zone Layout 2 | . 2 . Fabricator Hacks . | . . . Repair Station Hacks . | . . . Recycling Unit Hacks 1 | . 1 . Report Inventory 1 | . 1 . Scanalyzer . | . . . Garrison Access Hacks . | . . . Unauthorized Hacks 7 | . 7 . Terminals 7 | . 7 . Track 3 | . 3 . Assimilate 1 | . 1 . Botnet 2 | . 2 . Operators 1 | . 1 . Fabricators . | . . . Repair Stations . | . . . Recycling Units . | . . . Scanalyzers . | . . . Garrison Access . | . . . Data Cores Recovered . | . . . Used . | . . . Hacking Detections 6 | . 6 . Full Trace Events 2 | . 2 . Feedback Events . | . . . Feedback Blocked . | . . . Robot Schematics Acquired . | . . . Robots Built . | . . . Authchips . | . . . Time . | . . . Total Robot Build Rating . | . . . Part Schematics Acquired . | . . . Parts Built . | . . . Authchips . | . . . Time . | . . . Total Part Build Rating . | . . . Parts Repaired . | . . . Time . | . . . Parts Recycled . | . . . Recycled Matter . | . . . Retrieved Matter . | . . . Retrieved Components . | . . . Parts Scanalyzed . | . . . Part Schematics Acquired . | . . . Parts Damaged . | . . . Bothacking | -11 -10 -10 ------------ Run | Yrd Mat Min Used RIF Installer . | . . . Robots Hacked . | . . . Non-combat . | . . . Combat . | . . . Robot Hacks Applied . | . . . Relay Couplers Released . | . . . Fabnet Peak Effective % . | . . . Robots Rewired . | . . . Allies Hacked . | . . . Hacks Repelled . | . . . Allies | -11 -10 -10 -------- Run | Yrd Mat Min Total Allies . | . . . Largest Group . | . . . Highest-Rated Group . | . . . Highest-Rated Ally . | . . . Total Orders . | . . . Ally Attacks . | . . . Total Damage . | . . . Kills . | . . . Allies Corrupted . | . . . Allies Melted . | . . . Intel | -11 -10 -10 ------- Run | Yrd Mat Min Robot Analysis Total . | . . . Derelict Logs Recovered . | . . . Drone Launches . | . . . Drone Recoveries . | . . . Exploration | -11 -10 -10 ------------- Run | Yrd Mat Min Turns Passed 1018 | 38 940 40 Spaces Moved 478 | 33 431 14 Core 11 | 11 . . Treads 22 | . 20 2 Legs . | . . . Wheels 445 | 22 411 12 Hover . | . . . Flight . | . . . Fastest Speed 50 | 50 80 80 Average Speed 91 | 70 92 97 Slowest Speed 240 | 80 160 240 Overloaded Moves . | . . . Propulsion Burnouts . | . . . Robots Hopped . | . . . Cave-ins Triggered . | . . . Exploration Rate (%) 34 | 3 91 8 Regions Visited 2 Branch Regions 1 Pre-discovered Areas . | . . . Known Exits Taken 1 | . 1 . Unknown Exits Taken 1 | 1 . . Scrap Searched . | . . . Spaces Dug . | . . . Terrain Destroyed 28 | . 28 . Melee . | . . . Projectile . | . . . AOE 28 | . 28 . Terrain Rammed . | . . . Walls Destroyed . | . . . Machines Disabled . | . . . Actions | -11 -10 -10 --------- Run | Yrd Mat Min Total 983 | 47 914 22 Wait 427 | . 426 1 Move 476 | 32 430 14 Hop . | . . . Pick Up 19 | 8 11 . Fast Attach 1 | 1 . . Attach 10 | 5 5 . Detach 1 | 1 . . Swap 12 | . 8 4 Drop 3 | . 3 . Fire 34 | . 31 3 Melee . | . . . Ram . | . . . Kick . | . . . Crush . | . . . Escape Stasis . | . . . Rewire . | . . . Trap . | . . . Miscellaneous . | . . . Route ------- -11/Scrapyard -10/Materials (discovered 5 exits: [*Mat x3] / *Min x2) -10/Mines History --------- Turn | Location | Event 23 | -11/Scrapyard | Discovered new exit (range 15) 39 | -11/Scrapyard | Entered Materials 286 | -10/Materials | Discovered new exit (range 5) 295 | -10/Materials | Discovered new exit (range 14) 317 | -10/Materials | Build established: Mutant 380 | -10/Materials | Discovered new exit (range 8) 837 | -10/Materials | Core integrity fell below 50% 839 | -10/Materials | Discovered new exit (range 14) 877 | -10/Materials | Core integrity fell below 20% 932 | -10/Materials | Discovered new exit (range 11) 932 | -10/Materials | Identified exit to Mines 979 | -10/Materials | Entered Mines 1019 | -10/Mines | Destroyed by G-34 Mercenary with Small Laser Last Messages --------------- Map updated. 00937_ U-05 Engineer lays Concrete. 00938_ U-05 Engineer builds a Wall. 00939_ U-05 Engineer lays Concrete. 00939_ Acquired 13 matter. 00941_ U-05 Engineer lays Concrete. 00956_ The unstable cave ceiling collapses. 00960_ Acquired Mining Laser. 00965_ Dropped Sml. Laser. 00967_ Acquired Mining Laser. 00973_ U-05 Engineer lays Concrete. 00974_ W-16 Scout destroyed. 00977_ U-05 Engineer builds a Wall. 00978_ Acquired 5 matter. LOCATION=MINES GOAL=ESCAPE Something is scanning the area. 01005_ G-47 Trooper destroyed. 01005_ Lgt. Treads destroyed. 01015_ Mining Laser destroyed. Map ----- +----------------------------------------------------+ | | | | | | | | | | | | | | | | | | | | | ????????????????????????????????????????????????? | | ????????????????????????????????????????????????? | | ????????????????????????????????????????????????? | | ?????????????????##############?????????????????? | | ?????????????????# ?????????????????? | | ?????????????????# ?????????????????? | | ?????????????????# """ """ """ ?????????????????? | | ?????????????????# """ """ """ #????????????????? | | ?????????????????# """ """ """ #????????????????? | | ?????????????????# #????????????????? | | ?????????????????# #????????????????? | | ?????????????????# #????????????????? | | ?????????????????## ############????????????????? | | ??????????????????# #?## ### ##???????????????? | | ??????????????????# ###g $ #???????????????? | | ??????????????????# %@ #???????????????? | | ??????????????????# #### ##???????????????? | | ??????????????????# #??# ####????????????????? | | ??????????????????# #??## ##???????????????????? | | ??????????????????# #????###????????????????????? | | ?????????????????? #???????????????????????????? | | ??????????????????###???????????????????????????? | | ????????????????????????????????????????????????? | | ????????????????????????????????????????????????? | | ????????????????????????????????????????????????? | | ????????????????????????????????????????????????? | | ????????????????????????????????????????????????? | | ????????????????????????????????????????????????? | | ????????????????????????????????????????????????? | | ????????????????????????????????????????????????? | | ????????????????????????????????????????????????? | | ????????????????????????????????????????????????? | | ????????????????????????????????????????????????? | | ????????????????????????????????????????????????? | | ????????????????????????????????????????????????? | | ????????????????????????????????????????????????? | | ????????????????????????????????????????????????? | | ????????????????????????????????????????????????? | | ????????????????????????????????????????????????? | | ????????????????????????????????????????????????? | +----------------------------------------------------+ Best States ------------- Heat Dissipation 25 Energy Generation 10 Energy Capacity 250 Matter Stores 300 Matter Capacity 300 Sight Range 16 Terrain Scan Density 10 ECM Strength 1 Evasion (%) 50 Recoil Reduction 2 Item Schematics ----------------- None Robot Schematics ------------------ None Fabricated ------------ Nothing Alien Tech Used ----------------- None Achievements -------------- None Challenges ------------ None Game ------ Seed NovaBarrageCutter Manual? 0 Play Time 00:13:14 Cumulative 22.2 hours Start 2024.04.03 @ 17:42:47 End 2024.04.03 @ 17:56:11 Sessions 1 Manual Loads 0 Difficulty Rogue Special Mode None Game No. 44 Rogue 44 Adventurer 0 Explorer 0 Win Type - Total 0 Types 0/0/0/0/0/0/0/0/0 Lore% 19 Gallery% 22 Achievement% 20 Wizard Run 0 Options --------- Layout 0 ASCII 0 Keyboard 0 Movement Mouse Keybinds 0 Fullscreen 1 Font 24/Smallcaps Map View 76x50 Zoom Use 0% Tactical HUD 1 Map Filters NONE Filters NONE Steam 1 RUN: 73200dea-1929-4aa3-a6ee-236646e770e5